 Dungeon Crawl Stone Soup version 0.28-a0-851-g8b9cc49659 (webtiles) character file.

Game seed: 1817715478271325608

202 flyleaff the Chopper (level 5, 0/41 HPs)
             Began as a Gnoll Wanderer on Nov 14, 2021.
             Was a Believer of Ru.
             Killed by nerve-wracking pain
             ... invoked by Grinder
              (14 damage)
             ... on level 4 of the Dungeon.
             The game lasted 00:08:53 (4638 turns).

flyleaff the Chopper (Gnoll Wanderer)               Turns: 4638, Time: 00:08:54

Health: 0/41       AC:  3    Str: 11    XL:     5   Next: 80%
Magic:  7/7        EV: 12    Int: 10    God:    Ru [**....]
Gold:   148        SH:  0    Dex: 14    Spells: 5/7 levels left

rFire   + . .      SeeInvis .   a - +2 hand axe
rCold   + . .      Faith    .   (no shield)
rNeg    . . .      Spirit   .   d - +0 robe
rPois   +          Reflect  .   (helmet restricted)
rElec   +          Harm     .   (no cloak)
rCorr   +          Rampage  .   f - +0 pair of gloves
Will    +....                   (no boots)
Stlth   ..........              (no amulet)
HPRegen 0.13/turn               j - ring of willpower
MPRegen 0.10/turn               (no ring)

@: resistant, unable to read
A: fangs 1, inability to read while threatened, no stealth, strong nose,
distributed training, horns 1
a: Renounce Religion


You were on level 4 of the Dungeon.
You worshipped Ru.
Ru was pleased with you.
You visited 1 branch of the dungeon, and saw 4 of its levels.

You collected 148 gold pieces.

Inventory:

Hand Weapons
 a - a +2 hand axe (weapon)
 e - a +0 dagger
Armour
 d - a +0 robe (worn)
 f - a +0 pair of gloves (worn)
 m - a +0 helmet
Jewellery
 j - a ring of willpower (left hand)
Scrolls
 b - a scroll of teleportation
 g - a scroll of enchant weapon {unknown}
 i - a scroll of amnesia
Potions
 l - 3 potions of ambrosia


   Skills:
 + Level 3.0 Fighting
 + Level 1.6 Short Blades
 + Level 3.0 Long Blades
 + Level 6.7 Axes
 + Level 1.6 Maces & Flails
 + Level 1.6 Polearms
 + Level 1.6 Staves
 + Level 1.6 Slings
 + Level 1.6 Bows
 + Level 1.6 Crossbows
 + Level 1.6 Throwing
 + Level 3.0 Armour
 + Level 1.6 Dodging
   Level 0.0 Stealth
 + Level 1.6 Shields
 + Level 1.6 Unarmed Combat
 + Level 1.6 Spellcasting
 + Level 1.3 Conjurations
 + Level 1.3 Hexes
 + Level 1.3 Summonings
 + Level 1.3 Necromancy
 + Level 1.3 Translocations
 + Level 1.3 Transmutations
 + Level 1.3 Fire Magic
 + Level 1.3 Ice Magic
 + Level 1.3 Air Magic
 + Level 1.3 Earth Magic
 + Level 1.3 Poison Magic
 + Level 1.8 Invocations
 + Level 3.0 Evocations


You had 5 spell levels left.
You knew the following spells:

 Your Spells              Type           Power      Damage    Failure   Level
a - Passwall              Tmut/Erth      2%         N/A       28%         2

Your spell library contained the following spells:

 Spells                   Type           Power      Damage    Failure   Level
 Swiftness                Air            3%         N/A       50%         3


Dungeon Overview and Level Annotations

Branches:
Dungeon (4/15)
 Temple: D:4-7

Altars:
Fedhas
Makhleb
Ru
The Shining One

Annotations:
D:4 Grinder


Innate Abilities, Weirdness & Mutations

You have very sharp teeth.
You sometimes lose the ability to read scrolls when taking damage.
You cannot be stealthy.
Your uncanny sense of smell can sniff out nearby items.
Your experience applies equally to all skills.
You have a pair of small horns on your head.


Message History

Grinder is moderately wounded.
Grinder hits you.
You barely miss Grinder.
Grinder is moderately wounded.
Grinder says, "Just stop there for a second..."
Grinder misses you.
You barely miss Grinder.
Grinder is moderately wounded.
Grinder blinks!
You hit the worm.
You headbutt the worm, but do no damage.
You bite the worm, but do no damage.
The worm is moderately wounded.
The worm bites you but does no damage.
You hit the worm. You headbutt the worm.
The worm is severely wounded.
You hit the worm.
The worm is almost dead.
Grinder grins, showing sharp teeth.
The worm misses you.
You hit the worm but do no damage.
The worm is almost dead.
Grinder says, "Wait up."
Grinder blinks!
You hit Grinder. You headbutt Grinder.
Grinder is heavily wounded.
You hit the worm.
You kill the worm!
You can read scrolls again.
Grinder hits you!
You feel threatened and lose the ability to read scrolls!
* * * LOW HITPOINT WARNING * * *
You writhe in agony.
* * * LOW HITPOINT WARNING * * *
Unknown command.
You feel better.
Grinder blinks!
You see here a worm corpse.
Grinder gestures at you. Pain shoots through your body!
You die...

.......#.##..........## .
#.#......##.......##..#
..#.##.....#..##...####.###
...........................
.$..........#...+########'.
............#.#.#.......)#)
...........####.#.+####'.#.
....>..#........#.#....#.#.
.......##.@.....#.#.##†#.#.
....... ##†##...#.#.##.#.#.
...>.....#5###..#.#....#.#.
................#.+####'.#.
................#........#.
................'########'.
........................
......##.............[..
.....##....#.###########


You could see Grinder.

Vanquished Creatures
  Natasha (thrice) (D:2)
  A hound zombie (D:3)
  4 adders
  3 worms
  2 dart slugs
  An orc (D:3)
  8 ball pythons
  3 endoplasms
  3 giant cockroaches
  9 goblins
  5 hobgoblins
  3 jackals (D:3)
  A quokka (D:2)
  3 bats
  7 frilled lizards
  5 kobolds
  5 rats
66 creatures vanquished.

Vanquished Creatures (others)
  3 fungi (D:3)
  2 plants (D:3)
5 creatures vanquished.

Grand Total: 71 creatures vanquished

Notes
Turn   | Place    | Note
-------+----------+-------------------------------------------
     0 | D:1      | flyleaff the Gnoll Wanderer began the quest for the Orb.
     0 | D:1      | flyleaff set off with the following items: a +2 hand axe, a
                  | scroll of teleportation, a potion of curing, a +0 robe, a
                  | +0 dagger
     0 | D:1      | Reached XP level 1. HP: 17/17 MP: 1/1
   337 | D:1      | Found a faded altar of an unknown god.
   344 | D:1      | Reached XP level 2. HP: 23/23 MP: 2/2
   347 | D:1      | Prayed at the altar of an unknown god.
   347 | D:1      | Became a worshipper of Ru the Awakened
   366 | D:1      | Gained mutation: You cannot be stealthy. [Ru sacrifice]
  1113 | D:2      | Reached XP level 3. HP: 18/28 MP: 3/3
  1542 | D:2      | Reached skill level 1 in Invocations
  1618 | D:2      | Learned a level 2 spell: Passwall
  1911 | D:2      | Noticed Natasha
  1916 | D:2      | Killed Natasha
  1917 | D:2      | Reached skill level 1 in Short Blades
  1917 | D:2      | Reached skill level 1 in Maces & Flails
  1917 | D:2      | Reached skill level 1 in Polearms
  1917 | D:2      | Reached skill level 1 in Staves
  1917 | D:2      | Reached skill level 1 in Slings
  1917 | D:2      | Reached skill level 1 in Bows
  1917 | D:2      | Reached skill level 1 in Crossbows
  1917 | D:2      | Reached skill level 1 in Throwing
  1917 | D:2      | Reached skill level 1 in Dodging
  1917 | D:2      | Reached skill level 1 in Shields
  1917 | D:2      | Reached skill level 1 in Unarmed Combat
  1917 | D:2      | Reached skill level 1 in Spellcasting
  1917 | D:2      | Reached XP level 4. HP: 24/34 MP: 5/5
  2236 | D:2      | Noticed Natasha
  2244 | D:2      | Killed Natasha
  2245 | D:2      | Reached skill level 1 in Conjurations
  2245 | D:2      | Reached skill level 1 in Hexes
  2245 | D:2      | Reached skill level 1 in Summonings
  2245 | D:2      | Reached skill level 1 in Necromancy
  2245 | D:2      | Reached skill level 1 in Translocations
  2245 | D:2      | Reached skill level 1 in Transmutations
  2245 | D:2      | Reached skill level 1 in Fire Magic
  2245 | D:2      | Reached skill level 1 in Ice Magic
  2245 | D:2      | Reached skill level 1 in Air Magic
  2245 | D:2      | Reached skill level 1 in Earth Magic
  2245 | D:2      | Reached skill level 1 in Poison Magic
  2329 | D:2      | Noticed Natasha
  2954 | D:2      | Killed Natasha
  2955 | D:2      | Reached XP level 5. HP: 15/40 MP: 5/7
  3507 | D:3      | Found a burning altar of Makhleb.
  3718 | D:3      | Found a glowing golden altar of the Shining One.
  4131 | D:3      | Found a blossoming altar of Fedhas.
  4429 | D:4      | Gained mutation: You sometimes lose the ability to read
                  | scrolls when taking damage. [Ru sacrifice]
  4429 | D:4      | Reached * piety under Ru
  4429 | D:4      | Reached ** piety under Ru
  4512 | D:4      | Gained mutation: You have a pair of small horns on your
                  | head. [potion of mutation]
  4614 | D:4      | Noticed Grinder
  4638 | D:4      | Killed from afar by Grinder

Illustrated notes

Levels and vault maps discovered:
D:1:      dpeg_arrival_simpleton_a, layout_basic, ebering_ecumenical_altar_mist,
          minmay_misc_feat_five
D:2:      minmay_recursive_quarters, layout_loops_ring,
          minmay_tree_intersection, uniq_natasha
D:3:      layout_loops_ring, mainiacjoe_overflow_catwalk_spiral, fedhas_altar_3,
          hangedman_decor_diamond_cutter, minmay_stone_trees_medium
D:4:      layout_cave_pools, nicolae_qazlal_scattered_showers, minivault_11,
          minmay_shop_damaged, minmay_vboxes, uniq_grinder

Skill      XL: |  1  2  3  4  5 |
---------------+----------------+-----
Stealth        | 0 |  0.0
Invocations    | 1 |  1.8
Short Blades   | 1 |  1.6
Maces & Flails | 1 |  1.6
Polearms       | 1 |  1.6
Staves         | 1 |  1.6
Slings         | 1 |  1.6
Bows           | 1 |  1.6
Crossbows      | 1 |  1.6
Throwing       | 1 |  1.6
Dodging        | 1 |  1.6
Shields        | 1 |  1.6
Unarmed Combat | 1 |  1.6
Spellcasting   | 1 |  1.6
Conjurations   | 1 |  1.3
Hexes          | 1 |  1.3
Summonings     | 1 |  1.3
Necromancy     | 1 |  1.3
Translocations | 1 |  1.3
Transmutations | 1 |  1.3
Fire Magic     | 1 |  1.3
Ice Magic      | 1 |  1.3
Air Magic      | 1 |  1.3
Earth Magic    | 1 |  1.3
Poison Magic   | 1 |  1.3
Fighting       | 3 |  3.0
Long Blades    | 3 |  3.0
Armour         | 3 |  3.0
Evocations     | 3 |  3.0
Axes           | |  6.7

Action                   |  1- 3 |  4- 6 || total
-------------------------+-------+-------++-------
Melee: Hand axe          |    89 |   108 ||   197
       Bite              |     4 |     8 ||    12
       Headbutt          |       |     4 ||     4
Invok: Sacrifice Stealth |     1 |       ||     1
       Sacrifice Words   |       |     1 ||     1
  Use: Scroll            |     5 |     2 ||     7
       Potion            |       |     4 ||     4
 Stab: Sleeping          |     1 |       ||     1
Armor: Robe              |    26 |    15 ||    41
Dodge: Dodged            |    43 |    46 ||    89

Table legend: (Time is in decaauts)
 A = Elapsed time spent in this place.
 B = Non-inter-level travel time spent in this place.
 C = Inter-level travel time spent in this place.
 D = Time resting spent in this place.
 E = Time spent auto-exploring this place.
 F = Levels seen in this place.
 G = Mean time per level.
                   A        B        C        D        E       F      G
               +--------+--------+--------+--------+--------+-----+--------+
         Total |   4632 |   3967 |    665 |      0 |   3482 |   4 | 1158.0 |
       Dungeon |   4632 |   3967 |    665 |      0 |   3482 |   4 | 1158.0 |
               +--------+--------+--------+--------+--------+-----+--------+

Top non-repeatable levels by time:
     D:2: 2063 daAuts
     D:3: 1424 daAuts
     D:1: 920 daAuts
     D:4: 224 daAuts
